 Dungeon Crawl Stone Soup version 0.30-a0-799-g109b55a442 (webtiles) character file.

Game seed: 4602201331227529874

126 Jeffwins the Chucker (level 5, -1/16 (37) HPs)
             Began as a Human Wanderer on Feb 20, 2023.
             Slain by a goblin
             ... wielding a +0 club
             ... led by Robin
              (6 damage)
             ... on level 3 of the Dungeon.
             The game lasted 00:05:08 (2049 turns).

Jeffwins the Chucker (Human Wanderer)               Turns: 2049, Time: 00:05:09

HP:   -1/16 (37)    AC:  3    Str: 10    XL:     5   Next: 31%
MP:   2/6           EV: 10    Int: 13    God:
Gold: 91            SH:  0    Dex: 16    Spells: 3/6 levels left

rFire   . . .      SeeInvis .    a - +2 dagger
rCold   . . .      Faith    .    (no shield)
rNeg    . . .      Spirit   .    i - +0 leather armour
rPois   .          Reflect  .    (no helmet)
rElec   .          Harm     .    (no cloak)
rCorr   .          Rampage  .    (no gloves)
Will    .....                    (no boots)
Stlth   ++                       (no amulet)
HPRegen 0.22/turn                (no ring)
MPRegen 0.10/turn                (no ring)

@: very slightly contaminated, extremely drained
A: no striking features
a: no special abilities


You were on level 3 of the Dungeon.
You visited 1 branch of the dungeon, and saw 4 of its levels.

You collected 91 gold pieces.


   Skills:
 - Level 1.0 Fighting
 * Level 2.0 Short Blades
 - Level 3.0 Ranged Weapons
 + Level 5.2 Throwing
 + Level 1.8 Stealth
 + Level 1.0 Spellcasting
 - Level 1.0 Conjurations
 * Level 1.7 Necromancy
 * Level 0.4 Air Magic
 * Level 1.3 Poison Magic


You had 3 spell levels left.
You knew the following spells:

 Your Spells              Type           Power      Damage    Failure   Level
p - Poisonous Vapours     Pois/Air       4%         N/A       38%         2
z - Kiss of Death         Conj/Necr      16%        2d6       22%         1

Your spell library contained the following spells:

 Spells                   Type           Power      Damage    Failure   Level
 Sting                    Tmut/Pois      8%         1d3       28%         1
 Cigotuvi's Dreadful Rot  Necr/Pois/Air  6%         N/A       34%         2
 Mephitic Cloud           Conj/Pois/Air  3%         N/A       61%         3
 Confusing Touch          Hex            0%         N/A       75%         3
 Dispel Undead            Necr           5%         3d7       88%         4
 Olgreb's Toxic Radiance  Pois           4%         N/A       91%         4

Inventory:

Hand Weapons
 a - a +2 dagger (weapon)
 c - a +0 sling
Missiles
 l - 4 silver javelins (quivered)
 u - 4 datura-tipped darts
Armour
 f - a +0 robe
 i - a +0 leather armour (worn)
 k - a +0 pair of boots
Jewellery
 H - an amulet of faith {!P}
Wands
 r - a wand of digging (3)
Scrolls
 d - 3 scrolls of teleportation {@r4}
 h - 2 scrolls of identify {unknown}
 j - a scroll of fog {unknown}
 m - a scroll of amnesia {unknown}
 o - a scroll of noise {unknown}
 q - a scroll of torment {unknown}
 s - a scroll of immolation {unknown}
 t - a scroll of enchant weapon {unknown}
 v - 2 scrolls of vulnerability {unknown}
Potions
 b - a potion of heal wounds {unknown}
 g - a potion of lignification {unknown}
 n - a potion of haste {unknown}
 p - a potion of ambrosia {unknown}

Dungeon Overview and Level Annotations

Branches:
Dungeon (4/15)
 Temple: D:4-7

Altars:
Elyvilon

Annotations:
D:3 Robin

#P.###.# #.#.#.# +....#.#
#.#.#g# ####
#P.#.#.########)#.#.######
#...
#...................g.gg..
+...
#..###.########.#.#######.
#[.. ##.###.# #.........#
#... ##......# ###.#####.#
#...
...#.############g.###.#
#... .###.#
.......@......# #... ## .#
########$####.# ####
####.# #... # .....#
#..... # ###### ##.###.. #
# .. . # ## ### .## ..#


You could see a goblin (strong).


Message History

Poisonous vapours surround Robin!
Robin is poisoned.
The goblin shouts! x2
The hobgoblin barely misses you.
A goblin comes into view. It is wielding a +0 dagger.
The goblin hits you with a +0 club. Robin throws the goblin at you!
Unknown command.
Casting: Poisonous Vapours (extremely dangerous; 38% risk of failure)
Confirm with . or Enter, or press ? or * to list all spells.
The spell is extremely dangerous to miscast (38% risk of failure)!
Continue anyway?
Aiming: Poisonous Vapours (extremely dangerous; 38% risk of failure)
Press: ? - help, Dir - move target, f/p - Robin
Aim: Robin, wielding a +0 club, wearing a +0 animal skin and wearing a +0 helmet (poisoned)
You miscast Poisonous Vapours.
You are very lightly contaminated with residual magic.
Nothing appears to happen.
The hobgoblin hits you.
* * * LOW HITPOINT WARNING * * *
The goblin hits you but does no damage. The goblin closely misses you.
Unknown command.
The hobgoblin attacks as you move away! The hobgoblin barely misses you.
The goblin attacks as you move away! The goblin barely misses you.
The goblin hits you with a +0 dagger.
* * * LOW HITPOINT WARNING * * *
Robin's bangles clink loudly.
As you read the scroll of fear, it crumbles to dust.
You assume a fearsome visage.
Robin looks frightened!
The goblin looks frightened! x4; The hobgoblin looks frightened!
The goblin looks frightened!
Robin gives up.
The goblin attacks as you move away! The goblin hits you with a +0 club.
You die...

Skill      XL: |  1  2  3  4  5 |
---------------+----------------+-----
Short Blades   | 1 2 |  2.0
Necromancy     | 1 |  1.7
Conjurations   | 1 |  1.0
Poison Magic   | 1 |  1.3
Spellcasting   | 1 |  1.0
Fighting       | |  1.0
Ranged Weapons | |  3.0
Throwing       | |  5.2
Stealth        | |  1.8
Air Magic      | |  0.4

Action                     |  1- 3 |  4- 6 || total
---------------------------+-------+-------++-------
  Melee: Dagger            |    87 |    25 ||   112
  Throw: Dart              |     1 |     4 ||     5
   Cast: Kiss of Death     |     1 |     5 ||     6
         Poisonous Vapours |       |     1 ||     1
    Use: Scroll            |       |     1 ||     1
   Stab: Sleeping          |     2 |       ||     2
 Armour: Leather armour    |    18 |     7 ||    25
         Robe              |     1 |       ||     1
  Dodge: Dodged            |    53 |    20 ||    73

Levels and vault maps discovered:
D:1:      psy_arrival_statuary, layout_basic
D:2:      layout_loops_ring, basic_altar
D:3:      layout_basic, cheibrodos_gnoll_hut, uniq_robin
D:4:      layout_cave_pods, mainiacjoe_overflow_tiny_flanked, xom_redecorated,
          serial_shops, shop, hangedman_decor_lopped, uniq_crazy_yiuf_cottage,
          uniq_grinder, uniq_menkaure

Notes
Turn   | Place    | Note
-------+----------+-------------------------------------------
     0 | D:1      | Jeffwins the Human Wanderer began the quest for the Orb.
     0 | D:1      | Jeffwins set off with the following items: a +2 dagger, a
                  | curare-tipped dart {=f}, a +0 sling, a scroll of
                  | teleportation {@r4}, a scroll of fear, a +0 robe.
     0 | D:1      | Reached XP level 1. HP: 15/15 MP: 1/1
   400 | D:1      | Reached XP level 2. HP: 20/21 MP: 2/2
   402 | D:1      | Reached skill level 1 in Short Blades
   426 | D:1      | Learned a level 1 spell: Kiss of Death
   775 | D:2      | Reached XP level 3. HP: 11/26 MP: 3/3
  1027 | D:2      | Reached skill level 1 in Necromancy
  1046 | D:2      | Found a white marble altar of Elyvilon.
  1549 | D:2      | Reached skill level 1 in Conjurations
  1549 | D:2      | Reached XP level 4. HP: 15/28 MP: 1/4
  1663 | D:3      | Reached skill level 1 in Poison Magic
  1748 | D:3      | Learned a level 2 spell: Poisonous Vapours
  1826 | D:3      | Reached XP level 5. HP: 9/14 MP: 6/6
  1828 | D:3      | Reached skill level 2 in Short Blades
  1910 | D:3      | Reached skill level 1 in Spellcasting
  2038 | D:3      | Noticed Robin
  2049 | D:3      | Slain by a goblin

Vanquished Creatures
  4 gnolls
  3 adders
  A dart slug (D:2)
  An orc (D:3)
  3 ball pythons
  2 bats (D:1)
  2 endoplasms
  2 giant cockroaches (D:1)
  5 goblins
  7 hobgoblins
  2 frilled lizards
  A rat (D:3)
33 creatures vanquished.

Vanquished Creatures (collateral kills)
  An orc priest (D:3)
  An adder (D:3)
  4 orcs (D:3)
  A goblin (D:3)
  A hobgoblin (D:3)
8 creatures vanquished.

Grand Total: 41 creatures vanquished

Table legend: (Time is in decaauts)
 A = Elapsed time spent in this place.
 B = Non-inter-level travel time spent in this place.
 C = Inter-level travel time spent in this place.
 D = Time resting spent in this place.
 E = Time spent auto-exploring this place.
 F = Levels seen in this place.
 G = Mean time per level.
                   A        B        C        D        E       F      G
               +--------+--------+--------+--------+--------+-----+--------+
         Total |   2044 |   1956 |     88 |    163 |   1428 |   4 |  511.0 |
       Dungeon |   2044 |   1956 |     88 |    163 |   1428 |   4 |  511.0 |
               +--------+--------+--------+--------+--------+-----+--------+

Top non-repeatable levels by time:
     D:2: 862 daAuts
     D:1: 759 daAuts
     D:3: 359 daAuts
     D:4: 63 daAuts

Table legend:
 A = Non-vault XP
 B = Vault XP
 C = Vault XP percentage of total XP
 D = Non-vault monster count
 E = Vault monster count
 F = Vault count percentage of total count
                 A         B        C        D         E       F
            +---------+---------+-------+---------+---------+-------
      Total |     180 |       0 |   0.0 |      41 |       0 |   0.0
            +---------+---------+-------+---------+---------+-------
        D:1 |      18 |       0 |   0.0 |      10 |       0 |   0.0
        D:2 |      55 |       0 |   0.0 |      10 |       0 |   0.0
        D:3 |     101 |       0 |   0.0 |      18 |       0 |   0.0
        D:4 |       6 |       0 |   0.0 |       3 |       0 |   0.0
            +---------+---------+-------+---------+---------+-------
